 Dungeon Crawl Stone Soup version 0.22.0-27-ga576289 (webtiles) character file.

84 Mgcat the Digger (level 4, 0/30 HPs)
             Began as a Formicid Earth Elementalist on Aug 22, 2018.
             Was an Initiate of Vehumet.
             Slain by a wraith (14 damage)
             ... in an ossuary.
             The game lasted 00:07:31 (2492 turns).

Mgcat the Digger (Formicid Earth Elementalist)      Turns: 2492, Time: 00:07:31

Health: 0/30       AC:  3    Str: 12    XL:     4   Next: 74%
Magic:  5/18       EV: 17    Int: 21    God:    Vehumet [......]
Gold:   82         SH:  0    Dex: 16    Spells: 4/10 levels left

rFire    . . .     SeeInvis +   a - +0 whip
rCold    . . .     Gourm    .   (no shield)
rNeg     . . .     Faith    .   c - +0 robe
rPois    .         Spirit   .   (helmet unavailable)
rElec    .         Reflect  .   (no cloak)
rCorr    .         Harm     .   (no gloves)
MR       .....                  f - +0 pair of boots
Stlth    +++.......             (no amulet)
HPRegen  0.10/turn              h - ring of magical power {MP+9}
MPRegen  0.16/turn              (no ring)

@: brilliant, agile
A: permanent stasis, dig shafts and tunnels, four strong arms, antennae 3
a: Dig, Shaft Self, Renounce Religion


You were in an ossuary.
You worshipped Vehumet.
Vehumet was noncommittal.
You were near starving.

You visited 2 branches of the dungeon, and saw 4 of its levels.
You also visited: Ossuary.

You collected 82 gold pieces.

Inventory:

Hand Weapons
 a - a +0 whip (weapon)
   (You found it on level 1 of the Dungeon)
Missiles
 b - 94 stones (quivered)
Armour
 c - a +0 robe (worn)
 f - a +0 pair of boots (worn)
   (You found it on level 1 of the Dungeon)
Jewellery
 h - a ring of magical power (left hand) {MP+9}
   (You found it on level 1 of the Dungeon)
Scrolls
 j - 2 scrolls of immolation {!r}
 t - 2 scrolls of remove curse
Potions
 g - a potion of cancellation
 i - 3 potions of might
 n - a potion of invisibility
 s - a potion of agility
Comestibles
 d - 6 rations


   Skills:
 - Level 1.7 Dodging
 - Level 2.4 Stealth
 + Level 3.5 Spellcasting
 + Level 0.8 Conjurations
 - Level 1.1 Transmutations
 + Level 4.9 Earth Magic


You had 4 spell levels left.
You knew the following spells:

 Your Spells              Type           Power        Failure   Level  Hunger
a - Sandblast             Erth           #####.       1%          1    None
b - Passwall              Tmut/Erth      ####....     1%          2    ##.....
c - Stone Arrow           Conj/Erth      ####..       1%          3    ###....

Your spell library contained the following spells:

 Spells                   Type           Power        Failure   Level  Hunger
 Petrify                  Tmut/Erth      ####....     4%          4    ####...
 Lee's Rapid Deconstruct  Erth           #####.....   5%          5    ######.


Dungeon Overview and Level Annotations

Branches:
Dungeon (4/15)             Temple (1/1) D:4

Altars:
Ashenzari
Dithmenos
Elyvilon
Gozag
Hepliaklqana
Kikubaaqudgha
Makhleb
Nemelex Xobeh
Okawaru
Ru
Sif Muna
Uskayaw
Vehumet
Wu Jian
Xom
Zin
The Shining One


Innate Abilities, Weirdness & Mutations

You cannot be hasted, slowed, berserked, paralysed or teleported.
You can dig through walls and to a lower floor.
Your four strong arms can wield two-handed weapons with a shield.
You have a pair of large antennae on your head. (SInv)


Message History

Aiming: Sandblast (safe; 2% risk of failure)
Press: ? - help, Shift-Dir - straight line, f - orc skeleton
Aim: an orc skeleton The blast of sand hits the orc skeleton.
You destroy the orc skeleton!
Vehumet accepts your kill.
b - 98 stones You start resting.
You are near starving!
You start resting.
Magic restored.
You open the door.
There is an open door here.
The wraith is too close now for your liking.
Unknown command.
Unknown command.
Unknown command.
Casting: Sandblast (safe; 2% risk of failure)
Confirm with . or Enter, or press ? or * to list all spells.
Aiming: Stone Arrow (safe; 16% risk of failure)
Press: ? - help, Shift-Dir - straight line, f - wraith
Aim: a wraith The stone arrow hits the wraith.
The wraith is lightly damaged.
Casting: Stone Arrow (safe; 16% risk of failure)
Confirm with . or Enter, or press ? or * to list all spells.
Aiming: Sandblast (safe; 2% risk of failure)
Press: ? - help, Shift-Dir - straight line, f/p - wraith
Aim: a wraith (lightly damaged)
The blast of sand hits the wraith.
The wraith is lightly damaged.
b - 97 stones The wraith hits you!
The wraith drains your vigour!
Your stasis prevents you from being slowed.
Casting: Sandblast (safe; 2% risk of failure)
Confirm with . or Enter, or press ? or * to list all spells.
Aiming: Stone Arrow (safe; 16% risk of failure)
Press: ? - help, Shift-Dir - straight line, f/p - wraith
Aim: a wraith (lightly damaged)
The stone arrow misses the wraith.
The wraith misses you.
Casting: Stone Arrow (safe; 16% risk of failure)
Confirm with . or Enter, or press ? or * to list all spells.
Aiming: Sandblast (safe; 2% risk of failure)
Press: ? - help, Shift-Dir - straight line, f/p - wraith
Aim: a wraith The blast of sand hits the wraith.
b - 96 stones The wraith hits you!
* * * LOW HITPOINT WARNING * * *
Okay, then.
Okay, then.
Unknown command.
Press: ? - help, v - describe, . - travel
Here: a wraith The floor.
Unknown command.
It was a potion of agility.
You feel agile all of a sudden. The wraith misses you.
It was a potion of curing.
You feel better. The wraith hits you!
* * * LOW HITPOINT WARNING * * *
You feel better. The wraith hits you but does no damage.
There is an open door here.
It was a potion of heal wounds.
You feel much better. The wraith barely misses you.
It was a potion of brilliance.
You feel clever all of a sudden. The wraith hits you!
Unknown command.
Unknown command.
Unknown command.
Unknown command.
Casting: Sandblast (safe; 1% risk of failure)
Confirm with . or Enter, or press ? or * to list all spells.
Aiming: Stone Arrow (safe; 1% risk of failure)
Press: ? - help, Shift-Dir - straight line, f/p - wraith
Aim: a wraith The stone arrow hits the wraith.
The wraith is moderately damaged.
The wraith hits you.
Casting: Stone Arrow (safe; 1% risk of failure)
Confirm with . or Enter, or press ? or * to list all spells.
Aiming: Sandblast (safe; 1% risk of failure)
Press: ? - help, Shift-Dir - straight line, f/p - wraith
Aim: a wraith (moderately damaged)
The blast of sand hits the wraith.
The wraith is moderately damaged.
b - 95 stones The wraith hits you.
The wraith drains your vigour!
Your stasis prevents you from being slowed.
Casting: Sandblast (safe; 1% risk of failure)
Confirm with . or Enter, or press ? or * to list all spells.
Aiming: Sandblast (safe; 1% risk of failure)
Press: ? - help, Shift-Dir - straight line, f/p - wraith
Aim: a wraith (moderately damaged)
The blast of sand hits the wraith.
The wraith is moderately damaged.
b - 94 stones The wraith hits you!
You die...

##. .##...##. .## #..
##..!!.## ..# .. ..
+...+.?!!?!.#...+....#
...#...##...?.##...#....#
...##...##...##...##....#
....##...#####...##.....#
.....##.........##......#
......#####W#####.......#
∩..........!@.........∩.#
........................#
##########'''############
#...#### +...'..#
#...#..# #...#### #...#
#...#


You could see a wraith.

Vanquished Creatures
  A mummy (Ossuary)
  3 oozes (D:1)
  A worm (D:2)
  3 bats
  8 giant cockroaches
  5 goblins
  A hobgoblin (D:1)
  5 jackals (D:1)
  4 kobolds (D:1)
  2 frilled lizards (D:1)
  5 gnoll skeletons (Ossuary)
  A goblin zombie (D:4)
  7 kobold skeletons (Ossuary)
  5 orc skeletons (Ossuary)
  A quokka zombie (D:4)
  5 rats
57 creatures vanquished.

Notes
Turn   | Place    | Note
-------+----------+-------------------------------------------
     0 | D:1      | Mgcat the Formicid Earth Elementalist began the quest for the Orb.
     0 | D:1      | Reached XP level 1. HP: 13/13 MP: 3/3
     1 | D:1      | Found a runed door.
   260 | D:1      | Reached XP level 2. HP: 9/19 MP: 2/5
   375 | D:1      | Learned a level 2 spell: Passwall
   466 | D:1      | Reached skill level 4 in Earth Magic
  1498 | D:1      | Reached XP level 3. HP: 22/24 MP: 7/7
  1517 | D:1      | Reached skill level 3 in Spellcasting
  1758 | D:2      | Learned a level 3 spell: Stone Arrow
  1766 | D:2      | Reached XP level 4. HP: 28/30 MP: 8/8
  2023 | D:2      | You fall through a shaft for 2 floors!
  2032 | D:4      | Found a staircase to the Ecumenical Temple.
  2046 | Temple   | Entered the Ecumenical Temple
  2075 | Temple   | Became a worshipper of Vehumet
  2129 | D:4      | Found a sand-covered staircase.
  2150 | Ossuary  | Entered an ossuary
  2150 | Ossuary  | Noticed a wraith
  2150 | Ossuary  | Noticed a wraith
  2150 | Ossuary  | Noticed a wraith
  2355 | Ossuary  | Noticed a wraith
  2480 | Ossuary  | HP: 7/30 [wraith (14)]
  2492 | Ossuary  | Slain by a wraith

Skill      XL: |  1  2  3 |
---------------+----------+-----
Earth Magic    | 4 |  4.9
Spellcasting   | 3 |  3.5
Dodging        | |  1.7
Stealth        | |  2.4
Conjurations   | |  0.8
Transmutations | |  1.1

Action                   |  1- 3 |  4- 6 || total
-------------------------+-------+-------++-------
Melee: Whip              |    71 |     4 ||    75
 Cast: Sandblast         |    21 |    28 ||    49
       Stone Arrow       |       |    19 ||    19
  Use: Scroll            |       |    10 ||    10
       Potion            |       |     5 ||     5
 Stab: Sleeping          |     1 |       ||     1
  Eat: Chunk             |     3 |     2 ||     5
Armor: Robe              |    18 |     3 ||    21
Dodge: Dodged            |    54 |    14 ||    68

Vault maps used:
D:1:      dpeg_arrival_caged_fury
D:2:      mumra_celtic_spiral_tile, first_ration
D:4:      minmay_temple_entry_butterflies, enter_ossuary_4,
          nicolae_underground_beach, uniq_eustachio
Temple:   grunt_wide_crystal_templ
Ossuary:  ossuary_due_mausoleum

Table legend:
 A = Turns spent in this place as a percentage of turns spent in the entire game.
 B = Non-inter-level travel turns spent in this place as a percentage of non-inter-level travel turns spent in the entire game.
 C = Inter-level travel turns spent in this place as a percentage of turns spent in this place.
 D = Turns resting spent in this place as a percentage of non-inter-level travel turns spent in this place.
 E = Turns spent auto-exploring this place as a percentage of non-inter-level travel turns spent in this place.
 F = Non-inter-level travel turns spent in this place divided by the number of levels of this place that you've seen.
                   A       B       C       D       E      F
               +-------+-------+-------+-------+-------+----------------------
         Total | 100.0 | 100.0 |   0.7 |   7.8 |  76.2 | 494.8
       Dungeon |  84.2 |  84.6 |   0.2 |   0.0 |  85.4 | 698.0
        Temple |   2.0 |   1.5 |  25.5 |   0.0 |  89.5 |  38.0
       Ossuary |  13.7 |  13.8 |   0.0 |  56.4 |  18.4 | 342.0
               +-------+-------+-------+-------+-------+----------------------

Table legend:
 A = Kills in this place as a percentage of kills in entire the game.
 B = Kills by you in this place as a percentage of kills by you in the entire game.
 C = Kills by friends in this place as a percentage of kills by friends in the entire game.
 D = Other kills in this place as a percentage of other kills in the entire game.
 E = Experience gained in this place as a percentage of experience gained in the entire game.
 F = Experience gained in this place divided by the number of levels of this place that you have seen.
                   A       B       C       D       E      F
               +-------+-------+-------+-------+-------+----------------------
         Total | 100.0 | 100.0 |   N/A |   N/A | 100.0 |  24.2
       Dungeon |  68.4 |  68.4 |   N/A |   N/A |  71.1 |  28.7
       Ossuary |  31.6 |  31.6 |   N/A |   N/A |  28.9 |  35.0
               +-------+-------+-------+-------+-------+----------------------
